 Dungeon Sprint DCSS version 0.16-a0-3803-gd4b2de5 (webtiles) character file.

1698 PolkaDot the Cruncher (level 8, -6/65 HPs)
             Began as a Vampire Summoner on Jan 26, 2015.
             Was the Champion of Makhleb.
             Killed from afar by a ynoxinul (8 damage)
             ... with an iron shot
             ... in the Dungeon (Sprint V: "Ziggurat Sprint").
             The game lasted 00:09:34 (1015 turns).

PolkaDot the Cruncher (Vampire Summoner)            Turns: 1015, Time: 00:09:35

Health: -6/65      AC:  5    Str: 10    XL:     8   Next: 72%
Magic:  9/31       EV: 12    Int: 34    God:    Makhleb [******]
Gold:   0          SH:  0    Dex: 14    Spells: 5 memorised, 3 levels left

rFire  . . .     SeeInvis +     C - +6 Majin-Bo {vamp, Archmagi MP+6 Int+6}
rCold  . . .     Clarity  .     a - +0 robe
rNeg   + . .     SustAb   .     (no shield)
rPois  +         Gourm    .     (no helmet)
rElec  .         Spirit   .     (no cloak)
rCorr  .         Warding  .     (no gloves)
rMut   .         NoTele   +     (no boots)
MR     .....                    (no amulet)
Stlth  +.........               E - ring "Jewkyary" {Contam rPois+ rN+ MR- AC+3 Str+3 Int+3 Slay+2}
                                A - +6 ring of intelligence

@: very slightly contaminated, regenerating quickly, not resistant to hostile
enchantments, very unstealthy
A: bottle blood, fangs 3, see invisible, unbreathing
a: Minor Destruction, Lesser Servant of Makhleb, Major Destruction, Greater
Servant of Makhleb, Renounce Religion


You were in the Dungeon.
You worshipped Makhleb.
Makhleb was exalted by your worship.
You were very full.

You visited 1 branch

Inventory:

Hand weapons
 C - the +6 Majin-Bo (weapon) {vamp, Archmagi MP+6 Int+6}
   (You found it in the Dungeon)

   It inflicts no extra harm, but heals its wielder somewhat when it strikes a
   living foe.
   It affects your intelligence (+6).
   It affects your magic capacity (+6).
Armour
 a - a +0 robe (worn)
 D - a +0 robe of resistance
Jewellery
 A - a +6 ring of intelligence (left hand)
 B - a +6 ring of intelligence
 E - the ring "Jewkyary" (right hand) {Contam rPois+ rN+ MR- AC+3 Str+3 Int+3 Slay+2}
   (You found it in the Dungeon)

   [ring of protection]

   It affects your AC (+3).
   It affects your strength (+3).
   It affects your intelligence (+3).
   It affects your accuracy and damage with ranged weapons and melee attacks
   (+2).
   It protects you from poison.
   It protects you from negative energy.
   It affects your resistance to hostile enchantments.
   It causes magical contamination when unequipped.
Magical devices
 w - a wand of disintegration (7)
 x - a wand of fire (5)
 y - a wand of cold (5)
 z - a wand of draining (5)
Scrolls
 i - 3 scrolls of blinking
 q - 3 scrolls of amnesia
 r - 3 scrolls of recharging
 s - 7 scrolls of fog
 t - 5 scrolls of identify
 u - 5 scrolls of remove curse
 v - a scroll of fear
Potions
 d - 8 potions of curing
 e - 8 potions of heal wounds
 f - 6 potions of haste
 g - 7 potions of magic
 h - 3 potions of berserk rage
 j - 2 potions of brilliance
 k - 2 potions of invisibility
 l - 2 potions of restore abilities
 m - 4 potions of resistance
 o - 5 potions of agility
 p - 5 potions of might
Books
 b - a book of Hinderance

   Spells                             Type                      Level
   a - Confusing Touch                Hexes                        2
   b - Confuse                        Hexes                        3
   c - Petrify                        Transmutation/Earth          4
   d - Metabolic Englaciation         Hexes/Ice                    5
   e - Summon Mana Viper              Hexes/Summoning              5
   f - Gell's Gravitas                Hexes/Translocation          6
 c - a Fen Folio

   Spells                             Type                      Level
   a - Corpse Rot                     Necromancy                   2
   b - Stone Arrow                    Conjuration/Earth            3
   c - Leda's Liquefaction            Hexes/Earth                  4
   d - Summon Forest                  Summoning/Translocation      5
   e - Hydra Form                     Transmutation                6
   f - Summon Hydra                   Summoning                    7
 n - the Disquisition on Battle Magic and Air
   (You found it in the Dungeon)

   Spells                             Type                      Level
   a - Flame Tongue                   Conjuration/Fire             1
   b - Shock                          Conjuration/Air              1
   c - Static Discharge               Conjuration/Air              3
   d - Dazzling Spray                 Conjuration/Hexes            3
   e - Deflect Missiles               Charms/Air                   6
   f - Conjure Ball Lightning         Conjuration/Air              6


   Skills:
 + Level 6.6 Fighting
 * Level 10.8 Staves
 - Level 2.1 Dodging
 - Level 3.0 Stealth
 - Level 8.8 Spellcasting
 - Level 7.9 Hexes
 + Level 8.4 Summonings


You had 3 spell levels left.
You knew the following spells:

 Your Spells              Type           Power        Failure   Level  Hunger
d - Call Canine Familiar  Summ           #######.     1%          3    None
f - Summon Forest         Summ/Tloc      ######....   17%         5    ###....
g - Summon Guardian Gole  Hex/Summ       #######.     1%          4    None
i - Summon Ice Beast      Ice/Summ       ######..     8%          4    None
v - Summon Mana Viper     Hex/Summ       #######.     3%          5    ###....


Dungeon Overview and Level Annotations

Branches:
Dungeon (1/1)

Altars:
Ashenzari
Cheibriados
Dithmenos
Elyvilon
Fedhas
Gozag
Kikubaaqudgha
Makhleb
Nemelex Xobeh
Okawaru
Qazlal
Ru
Sif Muna
Trog
Vehumet
Xom
Yredelemnul
Zin
The Shining One
Beogh
Jiyva
Lugonu


Innate Abilities, Weirdness & Mutations

Your natural rate of healing is unusually fast.
You can bottle blood from corpses.
You have razor-sharp teeth.
You have supernaturally acute eyesight.
You can survive without breathing.


Message History

The ufetubus hits you.
* * * LOW HITPOINT WARNING * * *
Your mana viper bites the iron imp!
The neqoxec falters for a moment.
Press: ? - help, v - describe, . - travel, g - get item A cursed ring of stealth.
Some shallow water.
A tree reaches out and hits the bone dragon!
Trunks creak and shift.
A root smacks the bone dragon from below.
Your mana viper bites the neqoxec!!
The neqoxec's magic leaks into the air.
Your mana viper bites the iron imp.
Your dryad misses the iron imp.
Your mana viper bites the neqoxec!
The neqoxec dies!
Makhleb accepts your kill. The ufetubus barely misses you. x2
Your mana viper bites the iron imp.
The ufetubus closely misses you. The ufetubus barely misses you.
The ynoxinul gestures at you. The iron shot hits you!
You die...

▓.........▓.......▓
▓.........▓.......▓
▓....†.÷..▓.......▓
▓..)......▓.......▓
▓.▓.....▓.▓.▓...▓.▓
▓.........▓.......▓
▓▓▓▓▓▓▓▓▓▓▓▓▓▓▓▓▓▓▓
▓...8©8...▓..8©8..▓
▓..|?@==..▓..)|[..▓
▓..≈5:5..♣▓..|.)..▓
▓..55≈≈5..▓.......▓
▓...E3D..♣▓.......▓
▓...5.h...▓.).÷...▓
▓...R.S...▓...)...▓
▓.▓.S..♣▓.▓...))..▓
▓.........▓.......▓
▓▓▓▓▓▓▓▓▓▓▓▓▓▓▓▓▓▓▓


You could see a bone dragon, an earth elemental, a ynoxinul, an iron imp, 5
ufetubi, a friendly dryad, 2 friendly mana vipers and a friendly warg.

Vanquished Creatures
  A spriggan (D)
  A golden eye (D)
  A water moccasin (D)
  An eye of draining (D)
  2 phantoms (D)
  2 adders (D)
  An adder zombie (D)
  2 oozes (D)
  3 ball pythons (D)
  2 bat skeletons (D)
  A bat zombie (D)
  A giant cockroach zombie (D)
  A quokka skeleton (D)
19 creatures vanquished.

Vanquished Creatures (collateral kills)
  A naga mage (D)
  A smoke demon (D)
  3 spriggans (D)
  A neqoxec (D)
  A naga (D)
  3 water moccasins (D)
  A wasp (D)
  2 black bears (D)
  2 adders (D)
  A white imp (D)
  An adder skeleton (D)
  An adder zombie (D)
  3 ball pythons (D)
  A jackal skeleton (D)
  A quokka simulacrum (D)
23 creatures vanquished.

Vanquished Creatures (others)
  2 ice beasts (D)
  A warg (D)
3 creatures vanquished.

Grand Total: 45 creatures vanquished

Notes
Turn   | Place    | Note
--------------------------------------------------------------
     0 | D        | PolkaDot, the Vampire Summoner, began the quest for the Orb.
     0 | D        | Reached XP level 1. HP: 13/13 MP: 3/3
     0 | D        | Found a corrupted altar of Lugonu.
     0 | D        | Found a viscous altar of Jiyva.
     0 | D        | Found a white marble altar of Elyvilon.
     0 | D        | Found a burning altar of Makhleb.
     0 | D        | Found an iron altar of Okawaru.
     2 | D        | Found a sparkling altar of Nemelex Xobeh.
     2 | D        | Found a basalt altar of Yredelemnul.
     2 | D        | Found a deep blue altar of Sif Muna.
     2 | D        | Found a radiant altar of Vehumet.
     6 | D        | Found a bloodstained altar of Trog.
    76 | D        | Found a shimmering altar of Xom.
    80 | D        | Became a worshipper of Makhleb the Destroyer
    84 | D        | Reached skill level 7 in Spellcasting
    84 | D        | Reached XP level 2. HP: 19/19 MP: 10/12
   134 | D        | Entered arena 1.
   138 | D        | Reached skill level 1 in Staves
   139 | D        | Acquired Makhleb's first power
   150 | D        | Entered arena 2.
   159 | D        | Acquired Makhleb's second power
   159 | D        | Reached skill level 1 in Fighting
   198 | D        | Entered arena 3.
   198 | D        | Noticed a golden eye
   198 | D        | Noticed an eye of draining
   201 | D        | Reached XP level 3. HP: 26/26 MP: 14/14
   221 | D        | Killed an eye of draining
   221 | D        | Acquired Makhleb's third power
   221 | D        | Reached skill level 5 in Summonings
   221 | D        | Reached XP level 4. HP: 31/35 MP: 17/17
   257 | D        | Killed a golden eye
   257 | D        | Reached XP level 5. HP: 39/43 MP: 18/18
   293 | D        | Learned a level 4 spell: Summon Ice Beast
   297 | D        | Learned a level 3 spell: Call Canine Familiar
   302 | D        | Learned a level 4 spell: Summon Guardian Golem
   303 | D        | Entered arena 4.
   303 | D        | Noticed a water moccasin
   303 | D        | Noticed a water moccasin
   324 | D        | Killed a water moccasin
   324 | D        | Acquired Makhleb's fourth power
   324 | D        | Reached skill level 5 in Fighting
   324 | D        | Reached XP level 6. HP: 48/51 MP: 14/20
   325 | D        | Killed a water moccasin
   352 | D        | Identified the Papyrus of Context (You found it in the Dungeon)
   389 | D        | Learned a level 5 spell: Summon Mana Viper
   389 | D        | Entered arena 5.
   389 | D        | Noticed a phantom
   395 | D        | Acquired Makhleb's fifth power
   398 | D        | Killed a phantom
   454 | D        | Identified the Disquisition on Battle Magic and Air (You found it in the Dungeon)
   456 | D        | Entered arena 6.
   456 | D        | Noticed a phantom
   478 | D        | Killed a phantom
   478 | D        | Reached skill level 8 in Staves
   478 | D        | Reached XP level 7. HP: 46/56 MP: 22/22
   518 | D        | Entered arena 7.
   518 | D        | Noticed a spriggan rider
   518 | D        | Noticed a spriggan
   518 | D        | Noticed a spriggan
   518 | D        | Noticed a black bear
   518 | D        | Noticed a spriggan
   518 | D        | Noticed a black bear
   524 | D        | Killed a black bear
   527 | D        | Killed a spriggan
   527 | D        | Reached skill level 5 in Hexes
   531 | D        | Killed a spriggan
   531 | D        | Reached skill level 9 in Staves
   531 | D        | Paralysed by a wasp for 1 turns
   531 | D        | Killed a spriggan
   533 | D        | Killed a wasp
   533 | D        | Killed a black bear
   533 | D        | Reached XP level 8. HP: 6/63 MP: 6/24
   534 | D        | Killed a spriggan
   723 | D        | Gained mutation: You are partially covered in iridescent scales (AC +4). [helix card]
   728 | D        | Lost mutation: You are partially covered in iridescent scales (AC +4). [helix card]
   873 | D        | Learned a level 5 spell: Summon Forest
   873 | D        | Entered arena 8.
   873 | D        | Noticed a naga
   873 | D        | Noticed a naga mage
   873 | D        | Noticed a water moccasin
   873 | D        | Noticed a water moccasin
   881 | D        | Killed a water moccasin
   883 | D        | Killed a naga
   883 | D        | Reached skill level 10 in Staves
   885 | D        | Killed a water moccasin
   885 | D        | Killed a naga mage
   996 | D        | Got the ring "Jewkyary" {Contam rPois+ rN+ MR- AC+3 Str+3 Int+3 Slay+2}
  1006 | D        | Entered arena 9.
  1006 | D        | Noticed an earth elemental
  1006 | D        | Noticed a bone dragon
  1006 | D        | Noticed a ynoxinul
  1006 | D        | Noticed a neqoxec
  1006 | D        | Noticed an iron imp
  1006 | D        | Noticed a smoke demon
  1011 | D        | Killed a smoke demon
  1014 | D        | HP: 2/65 [ufetubus[a ynoxinul] (3)]
  1015 | D        | Killed a neqoxec
  1015 | D        | Killed from afar by a ynoxinul

Action                   |  1- 3 |  4- 6 |  7- 9 || total
-------------------------+-------+-------+-------++-------
Melee: Quarterstaff      |    20 |    43 |    13 ||    76
 Cast: Summon Ice Beast  |       |     3 |     5 ||     8
       Call Canine Famil |       |     1 |     2 ||     3
       Summon Mana Viper |       |       |     6 ||     6
       Summon Forest     |       |       |     2 ||     2
Evoke: Deck              |       |       |    13 ||    13
  Use: Potion            |     1 |     3 |     2 ||     6
       Scroll            |       |     1 |     2 ||     3
 Stab: Sleeping          |     2 |       |       ||     2
  Eat: Corpse            |     2 |     2 |     4 ||     8
